[Event "fics rated crazyhouse match"]
[Site "fics, Oklahoma City, OK USA"]
[Date "2000.03.20"]
[White "venomous"]
[WhiteElo "2533"]
[Black "Leech"]
[BlackElo "2259"]
[TimeControl "180+0"]
[Result "1-0"]

1. e4 e6 2. d4 d5 3. e5 Ne7 4. Nh3 Nbc6 5. Be3 Nf5 6. Be2 
Be7 7. O-O O-O 8. Nc3 f6 9. exf6 Bxf6 10. P@e5 Be7 11. Bg4 a6 
12. Bxf5 Rxf5 13. Nf4 B@h6 14. Nh3 P@f4 15. Bc1 Qf8 16. N@f3 Rh5 17. Ne2 
Beg5 18. Nhxg5 Rxg5 19. Nxg5 Bxg5 20. R@g4 f3 21. Bxg5 fxe2 22. Qxe2 Nxd4 
23. Rxd4 P@f3 24. P@e7 Bd7 25. exf8=Q+ Rxf8 26. N@e7+ Kf7 27. Qxf3+ N@f5 28. B@h5+ 
P@g6 29. Nxg6 hxg6 30. Q@e7+ Kg8 31. Qxf8+ Kxf8 32. P@e7# 
{Leech forfeits on time} 1-0

[Event "fics rated crazyhouse match"]
[Site "fics, Oklahoma City, OK USA"]
[Date "2000.03.20"]
[White "Leech"]
[WhiteElo "2256"]
[Black "venomous"]
[BlackElo "2536"]
[TimeControl "180+0"]
[Result "1-0"]

1. e4 e6 2. d4 Nc6 3. Nf3 Nf6 4. Nc3 Bb4 5. Bg5 h6 6. Bxf6 
Qxf6 7. Bb5 Bxc3+ 8. bxc3 N@f4 9. Rg1 B@b2 10. B@d2 Bxa1 11. Qxa1 Nxg2+ 
12. Rxg2 Qxf3 13. Rxg7 Qxe4+ 14. N@e3 R@h1+ 15. B@g1 P@e7 16. Bd3 Qf4 17. Nf1 
N@f3+ 18. Ke2 Nxd2 19. Nxd2 B@f6 20. N@h5 Qh4 21. Nxf6+ Qxf6 22. N@h5 N@f4+ 
23. Nxf4 Qxg7 24. N@h5 Qg4+ 25. B@f3 Qg5 26. Ne4 Qg8 27. P@g7 Rh7 28. Nef6+ 
exf6 29. Nxf6+ Kd8 30. Nxg8 N@f5 31. P@e7+ Ncxe7 32. Nxe7 Nxe7 33. Q@f8+ R@e8 
34. Qxe8+ Kxe8 
{venomous forfeits on time} 1-0

[Event "fics rated crazyhouse match"]
[Site "fics, Oklahoma City, OK USA"]
[Date "2000.03.20"]
[White "venomous"]
[WhiteElo "2523"]
[Black "Leech"]
[BlackElo "2269"]
[TimeControl "180+0"]
[Result "0-1"]

1. e4 e6 2. d4 d5 3. e5 Ne7 4. Nh3 Nf5 5. Be3 Nc6 6. Be2 
Bd7 7. O-O Be7 8. Nc3 O-O 9. Bg4 a6 10. Bxf5 exf5 11. Nxd5 B@g4 
12. P@f3 Bxh3 13. gxh3 Be6 14. Nf4 Bg5 15. B@g2 Bxf4 16. Bxf4 Nxd4 17. B@d3 
N@c5 18. Re1 Nxd3 19. Qxd3 B@b5 20. N@e7+ Kh8 21. Qd2 N@h4 22. N@g5 c5 
23. c3 Qxe7 24. cxd4 cxd4 25. Qxd4 Nxg2 26. P@f6 Nxf4 27. Qxf4 gxf6 28. exf6 
Qxf6 29. Rxe6 fxe6 30. B@e5 N@e2+ 31. Kh1 P@g2+ 32. Kxg2 Nxf4+ 33. Bxf4 B@f1+ 
34. Kg3 Qxg5+ 35. Bxg5 R@g1+ 36. Kf4 B@d6+ 37. P@e5 N@d5# 
{venomous checkmated} 0-1

[Event "fics rated crazyhouse match"]
[Site "fics, Oklahoma City, OK USA"]
[Date "2000.03.20"]
[White "Leech"]
[WhiteElo "2282"]
[Black "venomous"]
[BlackElo "2510"]
[TimeControl "180+0"]
[Result "0-1"]

1. e4 e6 2. d4 Nc6 3. Nf3 Nf6 4. Nc3 Bb4 5. Bd3 d5 6. exd5 
Nxd5 7. Bd2 P@a3 8. Nxd5 Bxd2+ 9. Qxd2 axb2 10. Nxc7+ Qxc7 11. Rb1 Nxd4 
12. B@b4 Nxf3+ 13. gxf3 P@c3 14. Bxc3 B@c1 15. Rxc1 bxc1=Q+ 16. Qxc1 Qxc3+ 17. B@d2 
P@b2 18. N@d6+ Kd7 19. Bb5+ B@c6 20. Bxc6+ bxc6 21. N@c5+ Qxc5 22. Qxb2 B@d4 
23. B@c3 Bxf2+ 24. Kd1 Qxd6 25. Bxg7 P@g2 26. Re1 Bxe1 27. Bxh8 Qxd2# 
{Leech checkmated} 0-1

[Event "fics rated crazyhouse match"]
[Site "fics, Oklahoma City, OK USA"]
[Date "2000.03.20"]
[White "venomous"]
[WhiteElo "2513"]
[Black "Leech"]
[BlackElo "2279"]
[TimeControl "180+0"]
[Result "0-1"]

1. b3 Nf6 2. Bb2 Ne4 3. e3 Nxf2 4. Kxf2 d5 5. Be2 Nc6 6. Nf3 
e5 7. Rf1 e4 8. Nd4 Qh4+ 9. Kg1 Nxd4 10. Bxd4 P@f3 11. Bxf3 exf3 
12. Qxf3 B@h5 13. Qf2 Qxh2+ 14. Kxh2 N@g4+ 15. Kg3 P@h4+ 16. Kxh4 Nxf2 17. Q@e5+ 
Be7+ 18. Qxe7+ Kxe7 19. P@f6+ Ke8 20. B@a4+ Bd7 21. Bxd7+ Kxd7 22. P@c6+ Kxc6 
23. N@e5+ Kd6 24. P@c5+ Ke6 25. B@d7+ Kxf6 26. Rxf2+ P@f3 27. Nc6# {-5}

{venomous forfeits on time} 0-1

[Event "fics rated crazyhouse match"]
[Site "fics, Oklahoma City, OK USA"]
[Date "2000.03.20"]
[White "Leech"]
[WhiteElo "2292"]
[Black "venomous"]
[BlackElo "2500"]
[TimeControl "180+0"]
[Result "1-0"]

1. e4 e6 2. d4 Nc6 3. d5 exd5 4. exd5 Qe7+ 5. Be2 Nb4 6. a3 
P@d3 7. axb4 dxe2 8. Qxe2 B@e4 9. P@f3 Bxd5 10. Nc3 Bc4 11. P@d3 Be6 
12. N@d5 Bxd5 13. Nxd5 Qxe2+ 14. Nxe2 Q@c6 15. Nec3 P@d4 16. Q@e5+ N@e6 17. Nb5 
d6 18. Ndxc7+ Kd8 19. Nxe6+ Bxe6 20. P@c7+ Ke8 21. B@e4 Qxc2 22. Nxd6+ Bxd6 
23. Qxd6 P@e3 24. B@a4+ Qxa4 25. Rxa4 exf2+ 26. Kxf2 P@e3+ 27. Ke2 B@e7 28. Q@b8+ 
N@c8 29. Qxe7+ Nxe7 30. B@b5# 
{venomous forfeits on time} 1-0

[Event "fics rated crazyhouse match"]
[Site "fics, Oklahoma City, OK USA"]
[Date "2000.03.20"]
[White "venomous"]
[WhiteElo "2488"]
[Black "Leech"]
[BlackElo "2304"]
[TimeControl "180+0"]
[Result "1-0"]

1. e4 e6 2. d4 d5 3. e5 Ne7 4. Nh3 Nf5 5. Be3 Nc6 6. Be2 
Be7 7. O-O O-O 8. Nc3 a6 9. Nf4 Bg5 10. Nh5 Bxe3 11. fxe3 Nxe3 
12. Qd2 Nxf1 13. Rxf1 B@e3+ 14. Qxe3 R@g6 15. N@f4 f6 16. Nxg6 hxg6 17. exf6 
gxh5 18. fxg7 Rxf1+ 19. Bxf1 Kxg7 20. B@h6+ Kh8 21. P@g7+ Kh7 22. R@h8+ Kg6 
23. g8=Q+ Kf6 24. Qxd8+ P@e7 25. Q@g5+ Kf7 26. R@g7# 
{Leech checkmated} 1-0

[Event "fics rated crazyhouse match"]
[Site "fics, Oklahoma City, OK USA"]
[Date "2000.03.26"]
[White "Eyefor"]
[WhiteElo "2264"]
[Black "Leech"]
[BlackElo "2253"]
[TimeControl "180+0"]
[Result "0-1"]

1. e4 e6 2. d4 d5 3. exd5 exd5 4. Bb5+ Nc6 5. Qe2+ Be7 6. P@e5 
Be6 7. Nc3 a6 8. Bxc6+ bxc6 9. N@f4 B@c4 10. Nxe6 fxe6 11. Qg4 Kf7 
12. b3 P@f5 13. Qh5+ g6 14. Qd1 N@h4 15. bxc4 Nxg2+ 16. Kf1 Nh4 17. B@f3 
P@e4 18. cxd5 exf3 19. dxe6+ Kxe6 20. B@c4+ B@d5 21. Bxd5+ cxd5 22. P@g7 P@g2+ 
23. Ke1 gxh1=Q 24. gxh8=Q Qxg1+ 25. B@f1 Qxf1+ 26. Kxf1 R@h1+ 27. R@g1 Rxg1+ 28. Kxg1 
N@h3+ 29. Kh1 B@g2# 
{Eyefor checkmated} 0-1

[Event "fics rated crazyhouse match"]
[Site "fics, Oklahoma City, OK USA"]
[Date "2000.03.26"]
[White "Leech"]
[WhiteElo "2261"]
[Black "Eyefor"]
[BlackElo "2256"]
[TimeControl "180+0"]
[Result "0-1"]

1. e4 e6 2. d4 Nf6 3. Bg5 Be7 4. Nc3 Nxe4 5. Bxe7 Qxe7 6. Nxe4 
P@f5 7. Nc3 B@b4 8. Nf3 Bxc3+ 9. bxc3 N@e4 10. B@b4 d6 11. Nd2 Nxd2 
12. Qxd2 N@e4 13. Qe3 Nc6 14. Bb5 a5 15. Bxd6 Nxd6 16. Bxc6+ bxc6 17. B@c5 
B@b2 18. O-O Bxa1 19. Rxa1 R@e4 20. Qd2 B@f4 21. P@e3 Bg5 22. B@g3 Bh4 
23. Bxh4 Rxh4 24. B@g3 B@b2 25. Rb1 Rb8 26. Bxh4 Qxh4 27. Bxd6 cxd6 28. N@f3 
Qd8 29. N@c4 Bxc3 30. Rxb8 Bxd2 31. Nfxd2 Q@d1+ 32. R@f1 P@e2 33. Rxd1 exd1=Q+ 
34. B@f1 B@c7 35. Rb1 Qxc2 36. N@h5 R@g5 37. Ng3 Rxg3 38. hxg3 P@h2+ 39. Kxh2 
N@e4 40. N@f3 Nxf2 41. R@h4 Qxb1 
{Leech forfeits on time} 0-1

[Event "fics rated crazyhouse match"]
[Site "fics, Oklahoma City, OK USA"]
[Date "2000.03.26"]
[White "Eyefor"]
[WhiteElo "2264"]
[Black "Leech"]
[BlackElo "2253"]
[TimeControl "180+0"]
[Result "1-0"]

1. e4 e6 2. d4 d5 3. exd5 exd5 4. Bb5+ Nc6 5. Qe2+ Be7 6. P@e5 
Be6 7. Nc3 a6 8. Bxc6+ bxc6 9. N@f4 Bb4 10. Nxe6 fxe6 11. Nf3 Ne7 
12. Ng5 P@f7 13. Nxf7 Kxf7 14. P@f6 gxf6 15. exf6 Nf5 16. B@h5+ P@g6 17. P@g7 
Rg8 18. Bxg6+ Kxg6 19. Qxe6 B@h5 20. f7+ B@f6 21. fxg8=Q N@e4 22. Qef7# 
{Leech checkmated} 1-0

[Event "fics rated crazyhouse match"]
[Site "fics, Oklahoma City, OK USA"]
[Date "2000.03.26"]
[White "Leech"]
[WhiteElo "2245"]
[Black "Eyefor"]
[BlackElo "2272"]
[TimeControl "180+0"]
[Result "1-0"]

1. e4 e6 2. d4 d5 3. Nc3 Nf6 4. Bg5 h6 5. Bxf6 gxf6 6. e5 
fxe5 7. dxe5 Nd7 8. Nf3 P@g4 9. N@f6+ Nxf6 10. exf6 gxf3 11. P@g7 fxg2 
12. gxh8=Q P@d2+ 13. Qxd2 N@f3+ 14. Kd1 gxf1=Q+ 15. Rxf1 Nxd2 16. Qxf8+ Kxf8 17. R@h8+ 
N@g8 18. P@g7+ Ke8 19. Rxg8+ Kd7 20. N@e5+ Kd6 21. Nxf7+ Kc5 22. P@b4+ Kxb4 
23. a3+ Ka5 24. b4+ Kb6 25. P@c5+ Kc6 26. B@b5# 
{Eyefor checkmated} 1-0

[Event "fics rated crazyhouse match"]
[Site "fics, Oklahoma City, OK USA"]
[Date "2000.03.26"]
[White "Eyefor"]
[WhiteElo "2263"]
[Black "Leech"]
[BlackElo "2254"]
[TimeControl "180+0"]
[Result "0-1"]

1. e4 e6 2. d4 Nf6 3. e5 Nd5 4. Nf3 Nc6 5. Be2 d6 6. exd6 
Bxd6 7. O-O O-O 8. Nc3 a6 9. Nxd5 exd5 10. P@e5 Be7 11. Be3 P@h3 
12. gxh3 Bxh3 13. N@g5 Bxg5 14. Nxg5 Qxg5+ 15. Bxg5 N@e4 16. P@e7 Nxg5 17. exf8=Q+ 
Rxf8 18. R@b3 B@g2 19. Re1 P@f3 20. Bxf3 Bxf3 21. Rxf3 Nxd4 22. Rf4 N@f3+ 
23. Rxf3 Ndxf3+ 24. Qxf3 Nxf3+ 25. Kh1 P@g2# 
{Eyefor checkmated} 0-1

[Event "fics rated crazyhouse match"]
[Site "fics, Oklahoma City, OK USA"]
[Date "2000.03.26"]
[White "Leech"]
[WhiteElo "2262"]
[Black "Eyefor"]
[BlackElo "2255"]
[TimeControl "180+0"]
[Result "0-1"]

1. e4 Nf6 2. e5 Nd5 3. Bc4 e6 4. Bxd5 exd5 5. Nc3 d6 6. d4 
dxe5 7. dxe5 d4 8. Ne4 B@g4 9. N@f6+ gxf6 10. Nxf6+ Qxf6 11. exf6 Bxd1 
12. P@g7 Q@e5+ 13. P@e3 Bxg7 14. fxg7 Bxc2 15. gxh8=Q+ Qxh8 16. B@c4 N@d6 17. Be2 
d3 18. Bf3 N@c4 19. R@c3 P@d2+ 20. Bxd2 Nxd2 21. Kxd2 B@b4 22. P@b3 Bxc3+ 
23. bxc3 P@b2 24. Re1 b1=N+ 25. Rxb1 Bxb1 26. B@d1 R@b2+ 27. P@c2 dxc2 28. Bxc2 
Rxc2+ 29. Ke1 Qxc3+ 30. Kf1 R@e1# 
{Leech checkmated} 0-1

[Event "fics rated crazyhouse match"]
[Site "fics, Oklahoma City, OK USA"]
[Date "2000.03.26"]
[White "Eyefor"]
[WhiteElo "2263"]
[Black "Leech"]
[BlackElo "2254"]
[TimeControl "180+0"]
[Result "0-1"]

1. e4 e6 2. d4 d5 3. exd5 exd5 4. Bb5+ c6 5. Qe2+ Be7 6. Bf4 
P@c7 7. Bd3 Nf6 8. P@g5 Nfd7 9. Nf3 O-O 10. Bxc7 Qxc7 11. Qxe7 B@d6 
12. Qe2 Na6 13. P@e5 Be7 14. e6 Nb6 15. exf7+ Rxf7 16. Bxh7+ Kxh7 17. P@g6+ 
Kxg6 18. Ne5+ Qxe5 19. dxe5 B@g4 20. Q@h4 P@h5 21. Qd2 Nc4 22. Qd3+ P@e4 
23. Qxc4 dxc4 24. Nc3 Bb4 25. N@g3 e3 26. B@e4+ Bcf5 27. fxe3 Bxe4 28. P@f4 
Bxg2 29. Qxg4 hxg4 30. B@h5+ Kh7 31. Bxf7 Bxc3+ 32. R@d2 Bxd2+ 33. Kxd2 N@f3+ 
34. Kc1 P@d2+ 35. Kb1 R@c1+ 36. Rxc1 dxc1=Q+ 37. Kxc1 Q@d2+ 38. Kb1 Q@c1# 
{Eyefor checkmated} 0-1

[Event "fics rated crazyhouse match"]
[Site "fics, Oklahoma City, OK USA"]
[Date "2000.03.26"]
[White "Leech"]
[WhiteElo "2262"]
[Black "Eyefor"]
[BlackElo "2255"]
[TimeControl "180+0"]
[Result "0-1"]

1. e4 Nf6 2. e5 Nd5 3. d4 d6 4. Nc3 Nxc3 5. bxc3 dxe5 6. dxe5 
Qxd1+ 7. Kxd1 N@g4 8. Nh3 Nxe5 9. Bf4 P@b2 10. Q@b5+ Q@d7+ 11. Qxd7+ Bxd7 
12. Rb1 Q@d5+ 13. Q@d2 Qxd2+ 14. Kxd2 Q@d5+ 15. Q@d4 Qxd4+ 16. cxd4 P@c3+ 17. Kxc3 
Q@a3+ 18. Q@b3 Qxb3+ 19. cxb3 Q@e4 20. Rxb2 Bxh3 21. Bxe5 N@d1+ 22. Kd2 Nxb2 
23. P@d3 R@d1+ 24. Kc2 Nxd3 25. Q@b5+ Qc6+ 26. Qxc6+ Nxc6 27. Kxd1 Q@e1+ 28. Kc2 
Ncb4# 
{Leech checkmated} 0-1

[Event "fics rated crazyhouse match"]
[Site "fics, Oklahoma City, OK USA"]
[Date "2000.03.26"]
[White "Eyefor"]
[WhiteElo "2263"]
[Black "Leech"]
[BlackElo "2254"]
[TimeControl "180+0"]
[Result "0-1"]

1. e4 e6 2. d4 Nf6 3. e5 Nd5 4. Nf3 Nc6 5. Be2 d6 6. exd6 
Bxd6 7. O-O O-O 8. Nc3 Nxc3 9. bxc3 N@e4 10. P@b2 e5 11. d5 Ne7 
12. N@g5 Bf5 13. Nxe4 Bxe4 14. N@c4 Bxd5 15. Nfxe5 Bxe5 16. Nxe5 Bxg2 17. Qxd8 
Raxd8 18. Kxg2 P@h3+ 19. Kxh3 P@f5 20. P@h6 P@g4+ 21. Nxg4 fxg4+ 22. Bxg4 Ng6 
23. B@g5 N@d5 24. hxg7 N@f4+ 25. Bgxf4 Q@h4+ 26. Kg2 Qxg4+ 27. Bg3 B@f3+ 28. Kg1 
N@h3# 
{Eyefor checkmated} 0-1

[Event "fics rated crazyhouse match"]
[Site "fics, Oklahoma City, OK USA"]
[Date "2000.03.26"]
[White "Leech"]
[WhiteElo "2262"]
[Black "Eyefor"]
[BlackElo "2255"]
[TimeControl "180+0"]
[Result "0-1"]

1. e4 e6 2. d4 d6 3. Nf3 Nf6 4. Bg5 Be7 5. Nc3 Nc6 6. Bb5 
Bd7 7. Bxf6 Bxf6 8. Bxc6 Bxc6 9. d5 Bxc3+ 10. bxc3 exd5 11. exd5 Qe7+ 
12. N@e2 Bd7 13. P@e6 fxe6 14. dxe6 Bxe6 15. P@d5 Bxd5 16. Qxd5 Qxe2+ 17. Kxe2 
N@f4+ 18. Kd2 Nxd5 19. Q@e6+ Q@e7 20. B@f7+ Kd8 21. Qxd5 B@f4+ 22. B@e3 Bxe3+ 
23. fxe3 N@e4+ 24. Qxe4 Qxe4 25. B@d3 Q@f2+ 26. Kc1 Qxd3 27. N@e6+ Ke7 28. N@d2 
Qdxd2+ 29. Nxd2 N@e2+ 30. Kb2 P@a3+ 31. Kxa3 Nxc3 32. Ng5 Nb5+ 33. Kb3 Qxe3+ 
34. P@d3 Qxg5 35. Q@e6+ Kd8 
{Leech forfeits on time} 0-1

[Event "fics rated crazyhouse match"]
[Site "fics, Oklahoma City, OK USA"]
[Date "2000.03.26"]
[White "Eyefor"]
[WhiteElo "2263"]
[Black "Leech"]
[BlackElo "2254"]
[TimeControl "180+0"]
[Result "1-0"]

1. e4 e6 2. d4 d5 3. exd5 exd5 4. Bb5+ Bd7 5. Qe2+ Be7 6. Nc3 
Bxb5 7. Qxb5+ B@c6 8. Qe2 P@e6 9. B@e5 f6 10. Bef4 Qd7 11. P@b5 Bxb5 
12. Nxb5 Na6 13. B@g3 P@d6 14. Nf3 Kf7 15. Bcd2 Re8 16. Nxa7 c6 17. P@e5 
dxe5 18. dxe5 Ra8 19. P@b6 P@c7 20. bxc7 Rxa7 21. P@d6 Bf8 22. Bde3 Ra8 
23. exf6 gxf6 24. P@e7 Bxe7 25. dxe7 Nxe7 26. Bd6 Nf5 27. Qxa6 Rxa6 28. N@e5+ 
fxe5 29. Nxe5+ Kg7 30. P@f6+ Kxf6 31. Nxd7+ Kf7 32. Ne5+ Kf6 33. Q@g5# 
{Leech checkmated} 1-0

[Event "fics rated crazyhouse match"]
[Site "fics, Oklahoma City, OK USA"]
[Date "2000.03.26"]
[White "Eyefor"]
[WhiteElo "2280"]
[Black "PureBugger"]
[BlackElo "2372"]
[TimeControl "180+0"]
[Result "0-1"]

1. e4 Nc6 2. d4 e6 3. d5 exd5 4. exd5 Bb4+ 5. P@c3 Qe7+ 6. Be2 
Bc5 7. dxc6 dxc6 8. N@h5 f6 9. b4 Bb6 10. Na3 P@h3 11. Nxh3 Bxh3 
12. gxh3 P@g2 13. P@d7+ Kf8 14. d8=Q+ Rxd8 15. Qxd8+ Qxd8 16. Rg1 Q@h1 17. B@d6+ 
Qxd6 18. R@c8+ Kf7 19. Bc4+ P@d5 20. Rxh1 gxh1=Q+ 21. Q@f1 N@f3+ 22. Ke2 Qxf1+ 
23. Kxf1 Q@e1+ 24. Kg2 B@h1# 
{Eyefor checkmated} 0-1

[Event "fics rated crazyhouse match"]
[Site "fics, Oklahoma City, OK USA"]
[Date "2000.03.26"]
[White "Eyefor"]
[WhiteElo "2274"]
[Black "RubberDuck"]
[BlackElo "2190"]
[TimeControl "120+0"]
[Result "1-0"]

1. e4 e6 2. d4 d5 3. exd5 exd5 4. Bb5+ Bd7 5. Qe2+ Be7 6. Nc3 
Nf6 7. Bxd7+ Nbxd7 8. P@e5 B@h5 9. Qf1 Ne4 10. Nxd5 Bh4 11. P@g3 Bg5 
12. Bxg5 Nxg5 13. B@e7 Qxe7 14. Nxc7+ Kf8 15. Nxa8 B@a5+ 16. P@c3 Ne4 17. R@c8+ 
Bd8 18. B@e3 B@g5 19. Bxg5 Qxg5 20. B@b4+ Kg8 21. Qd3 P@d2+ 22. Kf1 B@a6 
23. c4 Nxf2 24. Kxf2 P@e3+ 25. Qxe3 Qxe3+ 26. Kxe3 Bg6 27. Rxd8# 
{RubberDuck resigns} 1-0

[Event "fics rated crazyhouse match"]
[Site "fics, Oklahoma City, OK USA"]
[Date "2000.03.26"]
[White "RubberDuck"]
[WhiteElo "2184"]
[Black "Eyefor"]
[BlackElo "2280"]
[TimeControl "120+0"]
[Result "0-1"]

1. e4 Nf6 2. e5 Nd5 3. d4 d6 4. exd6 exd6 5. Bc4 Qe7+ 6. Qe2 
Nb4 7. Qxe7+ Bxe7 8. Na3 Q@e4+ 9. Q@e2 Qxg2 10. Bxf7+ Kxf7 11. Bf4 Qxh1 
12. O-O-O R@a1+ 13. Nb1 Nxa2+ 14. Kd2 Rxb1 15. Rxb1 N@e4+ 16. Qxe4 Qxe4 17. N@d3 
P@c4 18. R@e3 B@a5+ 19. P@c3 Qxd4 20. P@e6+ Kg8 21. Bxd6 Bxc3+ 22. bxc3 Qxc3+ 
23. Ke2 cxd3+ 24. cxd3 Q@c2+ 25. Kf3 N@h4+ 26. Kg3 Bxd6+ 27. Kxh4 Qxf2+ 28. B@g3 
P@g5+ 29. Kxg5 Qcf6+ 30. Kg4 Q2f5# 
{RubberDuck checkmated} 0-1

[Event "fics rated crazyhouse match"]
[Site "fics, Oklahoma City, OK USA"]
[Date "2000.03.26"]
[White "venomous"]
[WhiteElo "2508"]
[Black "jtp"]
[BlackElo "2277"]
[TimeControl "180+0"]
[Result "1-0"]

1. e4 Nf6 2. Nc3 d5 3. exd5 Nxd5 4. Bc4 e6 5. Nh3 Nc6 6. O-O 
P@d4 7. Ne4 Be7 8. Re1 f5 9. Ng3 O-O 10. d3 f4 11. Nh5 Bg5 
12. Qg4 h6 13. N3xf4 Nxf4 14. Bxf4 N@d5 15. Bxg5 hxg5 16. P@g6 B@f5 17. P@f7+ 
Kh8 18. B@h6 Bxg6 19. Bxg7+ Kh7 20. Bxd5 Rxf7 21. N@f6+ Rxf6 22. Nxf6+ Kxg7 
23. Qxg5 Qxf6 24. N@h5+ Kf7 25. Qxf6+ Ke8 26. Q@f8# 
{jtp resigns} 1-0

[Event "fics rated crazyhouse match"]
[Site "fics, Oklahoma City, OK USA"]
[Date "2000.03.26"]
[White "Leech"]
[WhiteElo "2246"]
[Black "stinker"]
[BlackElo "2227"]
[TimeControl "180+0"]
[Result "1-0"]

1. e4 Nf6 2. e5 Ne4 3. Qf3 Ng5 4. Qe3 e6 5. h4 Be7 6. hxg5 
Bxg5 7. f4 Bh4+ 8. g3 Be7 9. Nf3 d5 10. exd6 cxd6 11. P@e5 Nc6 
12. exd6 Bxd6 13. P@e5 Be7 14. N@h5 Rg8 15. Nxg7+ Rxg7 16. P@f6 Rxg3 17. fxe7 
Nxe7 18. Rxh7 N@f5 19. Rh8+ Rg8 20. Rxg8+ Nxg8 21. Qe2 P@g3 22. P@h7 P@f2+ 
23. Kd1 R@h8 24. hxg8=Q+ Rxg8 25. N@f6+ Qxf6 26. exf6 g2 27. R@e7+ Nxe7 28. fxe7 
gxf1=Q+ 29. Qxf1 R@e1+ 30. Nxe1 fxe1=Q+ 31. Qxe1 B@h5+ 32. P@e2 Bd7 33. B@d6 Bb5 
34. N@f6# 
{stinker checkmated} 1-0

[Event "fics rated crazyhouse match"]
[Site "fics, Oklahoma City, OK USA"]
[Date "2000.03.26"]
[White "stinker"]
[WhiteElo "2219"]
[Black "Leech"]
[BlackElo "2254"]
[TimeControl "180+0"]
[Result "1-0"]

1. e4 e6 2. Nf3 Nf6 3. Nc3 d5 4. exd5 Nxd5 5. Bb5+ Nc6 6. Nxd5 
exd5 7. d4 Bg4 8. N@e5 Bd7 9. Nxd7 Qxd7 10. Ne5 Nxe5 11. Bxd7+ Nxd7 
12. Qe2+ P@e4 13. B@f5 B@e6 14. Bxe6 fxe6 15. B@h5+ B@g6 16. Bg4 N@d8 17. P@h5 
Bf7 18. Bf4 Rc8 19. O-O N@f6 20. c4 Nxg4 21. Qxg4 B@f5 22. Qe2 dxc4 
23. f3 P@d3 24. Qf2 N@e2+ 25. Kh1 exf3 26. Qxf3 P@e4 27. Qe3 Bxh5 28. Bg5 
P@f6 29. Rxf5 exf5 30. P@f7+ Bxf7 31. B@a4 P@c6 32. N@f4 fxg5 33. Nxe2 dxe2 
34. Qxe2 B@d3 35. Qf2 R@f4 36. Qg3 Ne6 37. d5 Nd4 38. dxc6 bxc6 39. P@b7 
Rd8 40. P@b6 axb6 41. Bxc6 Nxc6 42. P@b5 Nd4 43. N@c6 N@e2 44. Qxg5 Nxc6 
45. Q@e3 B@c5 46. Qexf4 
{Leech forfeits on time} 1-0

[Event "fics rated crazyhouse match"]
[Site "fics, Oklahoma City, OK USA"]
[Date "2000.03.26"]
[White "Leech"]
[WhiteElo "2245"]
[Black "stinker"]
[BlackElo "2228"]
[TimeControl "180+0"]
[Result "0-1"]

1. e4 Nf6 2. e5 Nd5 3. Bc4 e6 4. Bxd5 exd5 5. Nc3 d6 6. d4 
dxe5 7. dxe5 d4 8. Ne4 Bb4+ 9. P@c3 dxc3 10. Qxd8+ Kxd8 11. bxc3 Q@d5 
12. Q@d2 P@d4 13. cxb4 Qxe4+ 14. Ne2 B@c3 15. B@f3 Bxd2+ 16. Bxd2 Qxe5 17. B@f4 
Qe7 18. N@d5 P@b2 19. Rd1 Qd7 20. Bxc7+ Ke8 21. Nxd4 N@h4 22. Bc3 P@d2+ 
23. Bxd2 Nxf3+ 24. Nxf3 Q@e4+ 25. N@e3 Qdxd5 26. P@e2 Qd7 27. P@d3 Qee7 28. P@d6 
Qf6 29. Nd5 Qg6 30. Nf4 Qgg4 31. h3 Qgf5 32. e4 Qfb5 33. Nd4 Qa4 
34. Nf5 B@f6 35. P@e5 Bxe5 36. d4 Bxf4 37. Nxg7+ Kf8 38. Nf5 Bxd2+ 39. Kxd2 
B@f6 40. P@e7+ Bxe7 41. dxe7+ Qxe7 42. B@c5 N@c4+ 43. Ke1 Qxb4+ 44. B@d2 Qxd2+ 
45. Rxd2 b1=Q+ 46. Q@d1 Qxd1+ 47. Rxd1 B@c3+ 48. P@d2 Bxd2+ 49. Rxd2 Q@c1+ 50. B@d1 
Qxd2+ 51. Kf1 R@e1# 
{Leech checkmated} 0-1

[Event "fics rated crazyhouse match"]
[Site "fics, Oklahoma City, OK USA"]
[Date "2000.03.26"]
[White "stinker"]
[WhiteElo "2236"]
[Black "Leech"]
[BlackElo "2237"]
[TimeControl "180+0"]
[Result "0-1"]

1. e4 e6 2. d4 d5 3. e5 Ne7 4. Nc3 Nf5 5. Nge2 Nc6 6. Be3 
Be7 7. Ng3 Bh4 8. Nxf5 exf5 9. N@h5 Rg8 10. Bb5 N@g4 11. Qd2 Nxe3 
12. Qxe3 Bg5 13. Qe2 B@g4 14. N@f3 Bxh5 15. Bxc6+ bxc6 16. e6 Bxe6 17. N@e5 
P@d7 18. h4 Bf6 19. g3 Bxe5 20. dxe5 B@g2 21. O-O-O Bgxf3 22. Qa6 Bxd1 
23. Rxd1 Bxd1 24. Nxd1 R@a1+ 25. B@b1 Rxb1+ 26. Kxb1 N@d2+ 27. Kc1 R@a1+ 28. Kxd2 
N@e4+ 29. Ke1 B@d2+ 30. Ke2 N@g1+ 31. Kd3 Rxd1 32. B@h5 N@c5+ 33. Kd4 Nxa6 
34. Bxf7+ Bxf7 
{stinker resigns} 0-1

[Event "fics rated crazyhouse match"]
[Site "fics, Oklahoma City, OK USA"]
[Date "2000.03.26"]
[White "spurs"]
[WhiteElo "2248"]
[Black "Leech"]
[BlackElo "2245"]
[TimeControl "60+0"]
[Result "1-0"]

1. d4 e6 2. Nf3 Nf6 3. Bg5 Be7 4. Bxf6 Bxf6 5. Nc3 d5 6. e4 
Nc6 7. Bb5 Bd7 8. Bxc6 Bxc6 9. exd5 exd5 10. P@e5 Bg5 11. N@h5 B@h6 
12. N@f5 B@f8 13. Nxg5 Qxg5 14. Nxh6 Qxh6 15. B@d2 P@g5 16. B@b5 N@h4 17. Kf1 
Nxg2 18. Kxg2 N@h4+ 19. Kh3 P@f5 20. Bxc6+ bxc6 21. N@f6+ gxf6 22. Nxf6+ Qxf6 
23. exf6 B@g2+ 24. Kg3 f4+ 25. Bxf4 gxf4+ 26. Kxh4 N@g6+ 27. Kg5 B@h6+ 28. Kf5 
N@d6+ 29. Kg4 Rg8 30. P@d7+ Kd8 31. N@b7+ Kxd7 32. Nc5+ Kc8 33. P@d7+ Kd8 
34. Q@e8# 
{Leech forfeits on time} 1-0

[Event "fics rated crazyhouse match"]
[Site "fics, Oklahoma City, OK USA"]
[Date "2000.03.26"]
[White "Leech"]
[WhiteElo "2237"]
[Black "spurs"]
[BlackElo "2256"]
[TimeControl "60+0"]
[Result "1-0"]

1. e4 e6 2. d4 d5 3. Nc3 dxe4 4. Nxe4 Nc6 5. Bb5 Be7 6. Nf3 
Nf6 7. Nxf6+ Bxf6 8. P@e5 Be7 9. N@h5 Rg8 10. Nxg7+ Rxg7 11. P@f6 Bxf6 
12. exf6 Qxf6 13. B@e5 Qg6 14. Bxg7 Qxg2 15. Rg1 Qxg1+ 16. Nxg1 N@g2+ 17. Kf1 
Nh4 18. Bxc6+ bxc6 19. R@f8+ Kd7 20. Q@d8# 
{spurs checkmated} 1-0

[Event "fics rated crazyhouse match"]
[Site "fics, Oklahoma City, OK USA"]
[Date "2000.03.26"]
[White "spurs"]
[WhiteElo "2248"]
[Black "Leech"]
[BlackElo "2245"]
[TimeControl "60+0"]
[Result "1-0"]

1. d3 e6 2. e4 d5 3. Nc3 Nf6 4. exd5 Nxd5 5. Nxd5 exd5 6. Nf3 
Nc6 7. Bg5 Be7 8. Bxe7 Qxe7+ 9. Qe2 P@e4 10. dxe4 dxe4 11. Nd2 P@d3 
12. cxd3 N@c2+ 13. Kd1 Nxa1 14. B@a4 Bd7 15. dxe4 Nd4 16. Bxd7+ Qxd7 17. B@h3 
B@c2+ 18. Ke1 Qxh3 19. gxh3 R@d1+ 20. Qxd1 Bxd1 21. P@d7+ Kd8 22. R@e8+ Rxe8 
23. dxe8=Q+ Kxe8 24. P@d7+ Kf8 25. R@e8+ Rxe8 26. dxe8=Q+ Kxe8 27. P@d7+ Kxd7 28. N@e5+ 
Ke6 29. Q@d7+ Kxe5 30. R@d5+ Kf6 31. Rf5+ Nxf5 32. Qxf5+ Ke7 33. N@d5+ Kd6 
34. Nc4+ Kc5 35. Nxc7+ Kc6 36. Qd5+ Kxc7 37. Qd6+ Kc8 38. P@d7+ Kd8 39. P@e7# 
{Leech checkmated} 1-0

[Event "fics rated crazyhouse match"]
[Site "fics, Oklahoma City, OK USA"]
[Date "2000.03.26"]
[White "Leech"]
[WhiteElo "2237"]
[Black "spurs"]
[BlackElo "2256"]
[TimeControl "60+0"]
[Result "1-0"]

1. e4 e6 2. d4 d5 3. Nc3 Bb4 4. exd5 exd5 5. Nf3 Nc6 6. Bb5 
Bd7 7. O-O Bxc3 8. bxc3 Nf6 9. Re1+ Ne4 10. P@d3 P@h3 11. gxh3 Bxh3 
12. dxe4 O-O 13. exd5 Qxd5 14. Bxc6 Qxc6 15. N@f4 Bg4 16. P@g2 P@h3 17. B@d5 
Qf6 18. P@e5 Qh6 19. Nxh3 Bxh3 20. Bxh6 Bxg2 21. N@e7+ Kh8 22. Bxg7+ Kxg7 
23. Q@f6# 
{spurs checkmated} 1-0